 Dungeon Crawl Stone Soup version 0.21.1-1-g345015fe64 (webtiles) character file.

63 JOKERXD40 the Covered (level 4, 0/40 HPs)
             Began as a Hill Orc Fighter on June 7, 2018.
             Slain by an adder (4 damage)
             ... on level 2 of the Dungeon.
             The game lasted 00:06:54 (926 turns).

JOKERXD40 the Covered (Hill Orc Fighter)             Turns: 926, Time: 00:06:55

Health: 0/40       AC:  7    Str: 19    XL:     4   Next: 10%
Magic:  13/13      EV:  7    Int:  8    God:
Gold:   58         SH:  9    Dex: 10    Spells: 3/3 levels left

rFire    . . .     SeeInvis .   q - -2 dagger (curse)
rCold    . . .     Gourm    .   c - +0 shield
rNeg     . . .     Faith    .   b - +0 scale mail
rPois    .         Spirit   .   (no helmet)
rElec    .         Reflect  .   (no cloak)
rCorr    .         Harm     .   (no gloves)
MR       .....                  (no boots)
Stlth    ..........             k - amulet of rage
HPRegen  0.13/turn              g - ring of magical power
MPRegen  0.13/turn              (no ring)

@: lethally poisoned (0 -> -3)
A: no striking features
a: Evoke Berserk Rage


You were on level 2 of the Dungeon.
You were not hungry.

You visited 1 branch of the dungeon, and saw 3 of its levels.

You collected 58 gold pieces.

Inventory:

Hand Weapons
 a - a +0 rapier
 q - a cursed -2 dagger (weapon)
Missiles
 e - 98 stones (quivered)
 h - 8 curare-tipped needles
Armour
 b - a +0 scale mail (worn)
 c - a +0 shield (worn)
Jewellery
 g - a ring of magical power (left hand)
 k - an amulet of rage (around neck)
Scrolls
 i - a scroll of remove curse
 l - 2 scrolls of identify {unknown}
 n - a scroll of enchant weapon {unknown}
 o - a scroll of enchant armour {unknown}
Potions
 d - a potion of might
 j - a potion of heal wounds {unknown}
 m - a potion of resistance {unknown}
 p - a potion of curing {unknown}
Comestibles
 f - 4 rations


   Skills:
 + Level 3.9 Fighting
 + Level 2.7 Short Blades
 + Level 4.2 Armour
 + Level 0.7 Dodging
 + Level 3.6 Shields


You had 3 spell levels left.
You didn't know any spells.

Dungeon Overview and Level Annotations

Branches:
Dungeon (3/15)

Altars:


Message History

The adder barely misses you.
You miss the adder.
The adder is moderately wounded.
The adder bites you but does no damage.
You barely miss the adder.
The adder is moderately wounded.
The adder bites you but does no damage. The adder barely misses you.
You block the adder's attack.
You closely miss the adder.
The adder is moderately wounded.
The adder bites you.
* * * LOW HITPOINT WARNING * * *
You are poisoned.
The adder poisons you!
* * * LOW HITPOINT WARNING * * *
You feel sick.
You barely miss the adder.
The adder is moderately wounded.
The adder bites you but does no damage. The adder bites you.
You die...

.##.....###.###...............†..
..............................)>#
.........##.####..######.######.#
.........##.# #..## #.# #.#
.........##.####...# #.# ####..
.##########......#.#####.# #.....
.# ###.......(....# #..... .#
#...S........# #..... .#####
#...@........# #..... .#.#.#
##............# #..... #.#.#
...........####.# #..... .#.#
#...........# #..... #.#.#
..........#.# #..... †#.#.#
#.........#.## # #..... #.#.#.#
..........#..# .# #..... .#.#.#.#
#.........##.##.#####.##
#.#.#.#.# ....................#


You could see an adder.

Vanquished Creatures
  3 adders (D:2)
  2 dart slugs (D:2)
  3 leopard geckos
  2 ball pythons
  A bat (D:1)
  A giant cockroach (D:1)
  5 goblins
  2 hobgoblins
  2 jackals (D:1)
  A frilled lizard (D:2)
  3 kobolds (D:1)
  3 rats
28 creatures vanquished.

Notes
Turn   | Place    | Note
-------+----------+-------------------------------------------
     0 | D:1      | JOKERXD40 the Hill Orc Fighter began the quest for the Orb.
     0 | D:1      | Reached XP level 1. HP: 19/19 MP: 1/1
    81 | D:1      | Reached XP level 2. HP: 12/27 MP: 2/2
   507 | D:2      | Reached skill level 4 in Armour
   507 | D:2      | Reached XP level 3. HP: 30/33 MP: 3/3
   833 | D:2      | Reached XP level 4. HP: 21/40 MP: 4/4
   926 | D:2      | Slain by an adder

Skill      XL: |  1  2 |
---------------+-------+-----
Armour         | 4 |  4.2
Fighting       | |  3.9
Short Blades   | |  2.7
Dodging        | |  0.7
Shields        | |  3.6

Action                   |  1- 3 |  4- 6 || total
-------------------------+-------+-------++-------
Melee: Rapier            |    90 |       ||    90
       Dagger            |    42 |    10 ||    52
  Use: Scroll            |     1 |       ||     1
Armor: Scale mail        |    70 |    16 ||    86
Dodge: Dodged            |    37 |    12 ||    49
Block: Shield            |    68 |    32 ||   100
